 Dungeon Crawl Stone Soup version 0.32-a0-350-g4f4d228785 (webtiles) character file.

Game seed: 8739857302859712955

17674 AutarchDCSS the Missionary (level 12, 0/112 HPs)
             Began as a Mountain Dwarf Reaver on Feb 17, 2024.
             Was a Priest of Beogh.
             Succumbed to Horkud's poison
             ... on level 1 of the Lair of Beasts.
             The game lasted 00:37:44 (19501 turns).

AutarchDCSS the Missionary (Mountain Dwarf Reaver) Turns: 19501, Time: 00:37:45

Health: 0/112      AC: 17    Str: 20    XL:     12   Next: 21%
Magic:  22/22      EV:  8    Int: 14    God:    Beogh [***...]
Gold:   584        SH:  4    Dex:  8    Spells: 13/14 levels left

rFire   x . .        w - +0 war axe
rCold   + . .        B - +0 buckler
rNeg    . . .        a - +2 chain mail {rPois}
rPois   +            H - +0 helmet
rElec   .            M - +1 cloak
rCorr   .            (no gloves)
SInv    .            v - +1 pair of boots
Will    +....        (no amulet) Stlth
                     f - +4 ring of slaying
HPRegen 0.38/turn    C - ring of ice
MPRegen 0.18/turn

%: no passive effects
@: lethally poisoned (0 -> -4), on berserk cooldown, slowed, very slow
A: runic magic, artefact enchanting
a: Renounce Religion, Smiting, Recruit Horkud


You were on level 1 of the Lair of Beasts.
You worshipped Beogh.
Beogh was most pleased with you.
You visited 2 branches of the dungeon, and saw 12 of its levels.
You also visited: Sewer.

You collected 843 gold pieces.
You spent 259 gold pieces at shops.

Inventory:

Hand Weapons
 d - a +0 whip of venom
 j - a +3 flail of freezing
 q - a +0 orcbow
 w - a +0 war axe (weapon)
Missiles
 l - 4 throwing nets
 t - 39 poisoned darts
Armour
 a - a +2 chain mail of poison resistance (worn)
 g - a +0 chain mail
 v - a +1 pair of boots (worn)
 B - a +0 buckler (worn)
 H - a +0 helmet (worn)
 M - a +1 cloak (worn)
Jewellery
 f - a +4 ring of slaying (left hand)
 C - a ring of ice (right hand)
Scrolls
 c - a scroll of butterflies {unknown}
 h - a scroll of revelation {unknown}
 k - a scroll of acquirement {unknown}
 m - a scroll of immolation {unknown}
 n - a scroll of fog
 p - 3 scrolls of noise
 r - 3 scrolls of teleportation
 y - a scroll of fear
 z - a scroll of silence
 A - 4 scrolls of blinking
 E - a scroll of torment
 K - a scroll of enchant weapon
 L - a scroll of vulnerability
Potions
 e - 3 potions of curing
 i - 2 potions of brilliance {unknown}
 o - a potion of berserk rage
 s - 3 potions of might
 u - 3 potions of invisibility {unknown}
 D - a potion of cancellation {unknown}
 F - 2 potions of enlightenment {unknown}
 I - 3 potions of haste {unknown}
 J - 2 potions of lignification {unknown}


   Skills:
 - Level 12.2 Fighting
 - Level 13.1 Axes
 - Level 6.0 Armour
 - Level 1.3 Dodging
 - Level 5.0 Shields
 - Level 1.7 Spellcasting
 - Level 2.6 Conjurations
 + Level 14.4 Invocations


You had 13 spell levels left.
You knew the following spells:

 Your Spells              Type           Power      Damage    Failure   Level
a - Kiss of Death         Conj/Necr      16%        2d6       28%         1

Your spell library contained the following spells:

 Spells                   Type           Power      Damage    Failure   Level
 Momentum Strike          Conj/Tloc      8%         3d8       38%         2
 Apportation              Tloc           2%         N/A       43%         1
 Jinxbite                 Hex            2%         N/A       58%         2
 Hailstorm                Conj/Ice       7%         3d5       63%         3
 Anguish                  Hex/Necr       0%         N/A       99%         4
 Cause Fear               Hex            0%         N/A       99%         4
 Alistair's Intoxication  Alch           0%         N/A       100%        5
 Enfeeble                 Hex            0%         N/A       100%        7


Dungeon Overview and Level Annotations

Branches:
Dungeon (11/15)            Temple (0/1) D:6            Lair (1/5) D:11
    Orc (0/2) D:9           Sewer (visited)

Altars:
Ru
Wu Jian

Shops:
D:3 :   D:6 [   D:10 =

Annotations:
D:5 2 transporters, ShangFenghuang's ghost, novice OnSh
D:8 3 runed translucent doors


Innate Abilities, Weirdness & Mutations

Your facial features look somewhat orcish.
Your spellcasting is much less encumbered by armour.
You can use scrolls of enchantment on lesser artefacts.


Message History

You slice Horkud!!
Horkud is severely wounded.
You feel sick.
Horkud hits you with the +4 glaive of Sandy Defence {venom, rElec rPois rC++ Stlth-}!
* * * LOW HITPOINT WARNING * * *
You completely miss Horkud.
Horkud is severely wounded.
You feel sick. Horkud hits you but does no damage.
You closely miss Horkud.
Horkud is severely wounded.
You miss Horkud.
Horkud is severely wounded.
You feel sick.
Horkud hits you with the +4 glaive of Sandy Defence {venom, rElec rPois rC++ Stlth-}!!
* * * LOW HITPOINT WARNING * * *
You hit Horkud.
Horkud is severely wounded.
Unknown command.
You slash Horkud!
Horkud is almost dead.
You barely miss the ice devil.
You feel sick. Horkud hits you but does no damage.
You are lethally poisoned!
The ice devil hits you but does no damage.
You slice Horkud!!
Horkud shouts, "I yield!
Victory is yours!"
Beogh will allow you to induct Horkud into your service. (press r on the ability menu to recruit an apostle)
You slash the ice devil!
* * * LOW HITPOINT WARNING * * *
You feel sick.
Unknown command.
You are too berserk!
* * * LOW HITPOINT WARNING * * *
You feel sick.
You feel a strong urge to attack something.
You are no longer berserk.
You are exhausted.
You feel yourself slow down.
You die...

......#.# ........#
.. .........# #.
.....### ..### ###.
.....# ...## ...
##..## # .... ..
#.## P..###..#. ###
#.P.......##
.........@.##
...........o.#
...........4..##
##..............##
#................#
#...........รท....#
#
#..........###'#+#
# #..........# #..
# #..........# ##.#


You could see an ice devil and the neutral Horkud the orc apostle (wandering).

Vanquished Creatures
  Harold (D:11)
  2 two-headed ogres
  Maurice (D:7)
  2 manticores (D:11)
  A black mamba (Lair:1)
  4 cane toads (Lair:1)
  An unseen horror (D:11)
  A komodo dragon (Lair:1)
  An ice devil (Lair:1)
  Psyche (D:9)
  A queen bee (D:9)
  A troll (D:11)
  A polar bear (Lair:1)
  4 blink frogs (Lair:1)
  23 yaks
  A vampire (D:11)
  4 wyverns
  Grum (D:8)
  Eustachio (D:6)
  A wraith (D:10)
  A basilisk (D:11)
  A steam dragon (D:10)
  3 vampire mosquitoes (D:10)
  5 water moccasins
  9 orc warriors
  4 ice beasts
  2 black bears
  3 ogres
  3 centaurs
  3 wolves (D:8)
  4 kobold brigands
  2 brain worms (Sewer)
  7 bullfrogs
  A scorpion (D:11)
  3 wights (D:10)
  10 killer bees (D:9)
  4 howler monkeys
  3 bombardier beetles
  4 hounds
  13 orc priests
  2 gnoll boudas
  2 jellies
  2 iguanas
  8 orc wizards
  16 gnolls
  An adder (shapeshifter) (D:10)
  19 adders
  2 river rats (Sewer)
  2 white imps (D:6)
  2 ufetubi (D:6)
  A dart slug (D:4)
  5 ribbon worms
  23 orcs
  6 endoplasms
  3 giant cockroaches (D:1)
  5 hobgoblins
  8 jackals
  A quokka (D:1)
  8 ball pythons
  5 bats
  7 frilled lizards
  7 goblins
  24 kobolds
  7 rats
304 creatures vanquished.

Vanquished Creatures (others)
  2 orc priests (D:7)
  4 orcs
6 creatures vanquished.

Grand Total: 310 creatures vanquished

Notes
Turn   | Place    | Note
-------+----------+-------------------------------------------
     0 | D:1      | AutarchDCSS the Mountain Dwarf Reaver began the quest for
                  | the Orb.
     0 | D:1      | Reached XP level 1. HP: 17/17 MP: 3/3
   145 | D:1      | Reached XP level 2. HP: 25/25 MP: 4/4
   560 | D:1      | Reached XP level 3. HP: 21/30 MP: 5/5
   939 | D:2      | Reached skill level 5 in Axes
   961 | D:1      | Reached XP level 4. HP: 12/38 MP: 6/6
  1448 | D:2      | Found an ornate altar of the Wu Jian Council.
  1845 | D:3      | Found Piah's Book Emporium.
  2181 | D:3      | Reached XP level 5. HP: 35/46 MP: 7/7
  2472 | D:3      | Became a worshipper of Beogh the Shepherd
  2544 | D:3      | Found a glowing drain.
  2551 | Sewer    | Entered a sewer
  2632 | Sewer    | Reached XP level 6. HP: 34/53 MP: 8/8
  3322 | Sewer    | Reached skill level 5 in Fighting
  3359 | Sewer    | Reached XP level 7. HP: 17/61 MP: 9/9
  4670 | D:4      | Reached * piety under Beogh
  4860 | D:4      | Identified the +10 falchion of Vavuben {pain, rN+ Dex+2}
  4874 | D:4      | Reached skill level 10 in Axes
  5185 | D:5      | Entered Level 5 of the Dungeon
  5229 | D:5      | Reached skill level 1 in Shields
  5352 | D:5      | Reached XP level 8. HP: 65/69 MP: 10/10
  5765 | D:5      | Found a transporter.
  5767 | D:5      | Noticed ShangFenghuang's ghost (novice OnSh)
  5767 | D:5      | Identified the +7 giant club "Voewk" {spect, *Slow +Blink
                  | rC+ Int+8}
  5768 | D:5      | Found a transporter.
  7078 | D:6      | Noticed Eustachio
  7105 | D:6      | Killed Eustachio
  7306 | D:6      | Reached skill level 5 in Shields
  7450 | D:6      | Found Tyteq's Armour Shop.
  7745 | D:6      | Found a staircase to the Ecumenical Temple.
  7788 | D:6      | Reached XP level 9. HP: 82/82 MP: 11/11
  8037 | D:7      | Reached ** piety under Beogh
  8392 | D:7      | Found a sacrificial altar of Ru.
  8642 | D:7      | Noticed Maurice
  8650 | D:7      | Something stole a ring of ice
  8651 | D:7      | Something stole 17 poisoned darts
  8788 | D:8      | Found a runed translucent gate.
  8793 | D:8      | Noticed a purple ugly thing
  8794 | D:8      | Noticed a brown ugly thing
  9137 | D:8      | Found a runed translucent gate.
  9137 | D:8      | Found a runed translucent gate.
  9137 | D:8      | Noticed a red ugly thing
  9137 | D:8      | Noticed a brown ugly thing
  9137 | D:8      | Noticed a purple ugly thing
  9145 | D:8      | Reached skill level 10 in Fighting
  9633 | D:8      | Noticed Grum
  9827 | D:7      | Maurice stole a +0 hand axe
  9860 | D:7      | Killed Maurice
 10144 | D:8      | Reached XP level 10. HP: 76/97 MP: 12/12
 10153 | D:8      | Reached skill level 1 in Invocations
 10153 | D:8      | Killed Grum
 10154 | D:8      | Reached skill level 2 in Invocations
 10558 | D:9      | Noticed Psyche
 10568 | D:9      | Noticed a two-headed ogre
 10569 | D:9      | Killed Psyche
 10570 | D:9      | Reached skill level 3 in Invocations
 10597 | D:9      | Killed a two-headed ogre
 10598 | D:9      | Reached skill level 4 in Invocations
 10838 | D:9      | Reached skill level 5 in Invocations
 11669 | D:9      | Reached skill level 6 in Invocations
 12565 | D:9      | Reached skill level 7 in Invocations
 13431 | D:9      | Found a staircase to the Orcish Mines.
 13506 | D:10     | Entered Level 10 of the Dungeon
 13593 | D:10     | Found Loexir's Jewellery Shop.
 14021 | D:10     | Reached skill level 8 in Invocations
 14141 | D:10     | Noticed a two-headed ogre
 14534 | D:10     | Reached XP level 11. HP: 74/100 MP: 17/17
 14851 | D:11     | Noticed Urug
 14855 | D:11     | Pacified Urug
 15447 | D:10     | Killed a two-headed ogre
 15448 | D:10     | Reached skill level 9 in Invocations
 15837 | D:6      | Bought a +2 chain mail of poison resistance for 259 gold
                  | pieces
 16184 | D:11     | Reached skill level 1 in Armour
 16464 | D:11     | Noticed Harold
 16474 | D:11     | Killed Harold
 16744 | D:11     | Found a staircase to the Lair.
 16909 | D:11     | Reached skill level 10 in Invocations
 17915 | D:11     | Reached skill level 11 in Invocations
 18281 | Lair:1   | Entered Level 1 of the Lair of Beasts
 18297 | Lair:1   | Reached skill level 5 in Armour
 18759 | Lair:1   | Reached skill level 12 in Invocations
 18944 | Lair:1   | Reached skill level 13 in Invocations
 18944 | Lair:1   | Reached XP level 12. HP: 52/112 MP: 21/21
 19074 | Lair:1   | Reached skill level 14 in Invocations
 19329 | Lair:1   | Reached *** piety under Beogh
 19478 | Lair:1   | Identified the +4 glaive of Sandy Defence {venom, rElec
                  | rPois rC++ Stlth-}
 19496 | Lair:1   | HP: 4/168 [Horkud the orc apostle/the +4 glaive of Sandy
                  | Defence {venom, rElec rPois rC++ Stlth-} (21)]
 19501 | Lair:1   | Succumbed to Horkud's poison

Illustrated notes

Levels and vault maps discovered:
D:1:      zelgadis_glass_arrival_small, layout_loops_cross
D:2:      layout_rooms, basic_altar, kennysheep_generic_room_5
D:3:      layout_basic, serial_shops, shop, gup_sewer_entry_bubbles
D:4:      layout_rooms, minmay_misc_feat_iff
D:5:      layout_loops_ring, gammafunk_ghost_smash, corexii_hall_statues_t
D:6:      layout_basic, minmay_temple_entry_fiery, serial_curves,
          eino_curves_03, eino_curves_02, serial_shops, shop, uniq_eustachio
D:7:      layout_basic, lemuel_doored_altar, uniq_maurice
D:8:      layout_gridville, ploomutoo_gammafunk_ghost_potion_laboratory,
          uniq_grum
D:9:      layout_loops_ring, david_orc_4, st_stairs_9,
          nicolae_looking_at_the_future, uniq_psyche
D:10:     layout_basic, serial_shops, nicolae_shop_pleasant_corner_grove
D:11:     layout_irregular_city, minmay_lair_entry_grove, uniq_urug, uniq_harold
Lair:1:   wander_river, layout_cave_pods, portal_ice_cave_demonic_guard,
          serial_bayou_shore_b, grunt_megastairs_4, serial_bayou_shore_b

Skill      XL: |  1  2  3  4  5  6  7  8  9 10 11 12 |
---------------+-------------------------------------+-----
Axes           | 4 5 6 7 8 10 12 13 | 13.1
Fighting       | 3 4 5 8 12 | 12.2
Shields        | 2 5 |  5.0
Invocations    | 8 13 14 | 14.4
Armour         | 6 |  6.0
Dodging        | |  1.3
Spellcasting   | |  1.7
Conjurations   | |  2.6

Action                     |  1- 3 |  4- 6 |  7- 9 | 10-12 || total
---------------------------+-------+-------+-------+-------++-------
  Melee: Hand axe          |   117 |   236 |   351 |   155 ||   859
         War axe           |       |       |    26 |   412 ||   438
         Whip              |       |       |       |    62 ||    62
  Throw: Dart              |       |       |    19 |    23 ||    42
         Throwing net      |       |       |       |     1 ||     1
 Invoke: Convert to Beogh  |       |     1 |       |       ||     1
         Smiting           |       |       |     1 |    13 ||    14
  Evoke: Wand              |       |       |    19 |    11 ||    30
    Use: Scroll            |       |       |     9 |     9 ||    18
         Potion            |       |       |       |     6 ||     6
   Stab: Held in net/web   |       |       |       |     1 ||     1
 Armour: Leather armour    |    46 |       |       |       ||    46
         Chain mail        |    30 |   140 |   304 |   580 ||  1054
  Dodge: Dodged            |    63 |    45 |   128 |   184 ||   420
  Block: Buckler           |       |       |    81 |   103 ||   184

Table legend: (Time is in decaauts)
 A = Elapsed time spent in this place.
 B = Non-inter-level travel time spent in this place.
 C = Inter-level travel time spent in this place.
 D = Time resting spent in this place.
 E = Time spent auto-exploring this place.
 F = Levels seen in this place.
 G = Mean time per level.
                   A        B        C        D        E       F      G
               +--------+--------+--------+--------+--------+-----+--------+
         Total |  19540 |  18685 |    855 |   6865 |   8552 |  13 | 1503.1 |
       Dungeon |  16872 |  16070 |    802 |   5852 |   7768 |  11 | 1533.8 |
          Lair |    990 |    937 |     53 |    195 |    196 |   1 |  990.0 |
         Sewer |   1677 |   1677 |      0 |    818 |    588 |   1 | 1677.0 |
               +--------+--------+--------+--------+--------+-----+--------+

Top non-repeatable levels by time:
     D:9: 2910 daAuts
    D:11: 2563 daAuts
    D:10: 2078 daAuts
   Sewer: 1677 daAuts
     D:6: 1572 daAuts
     D:8: 1513 daAuts
     D:7: 1332 daAuts
     D:1: 1274 daAuts
     D:5: 1227 daAuts
     D:3: 1153 daAuts
  Lair:1: 990 daAuts
     D:4: 666 daAuts
     D:2: 580 daAuts
